 Dungeon Crawl Stone Soup version 0.17.1-3-g152610e (webtiles) character file.

1098 sveltemanboy the Insei (level 8, 0/60 HPs)
             Began as a Demonspawn Monk on Apr 13, 2016.
             Was a Believer of Okawaru.
             Killed by Freeze
             ... invoked by colpogo's ghost
              (19 damage)
             ... on level 5 of the Dungeon.
             The game lasted 00:10:51 (4558 turns).

sveltemanboy the Insei (Demonspawn Monk)            Turns: 4558, Time: 00:10:52

Health: 0/60       AC: 15    Str: 12    XL:     8   Next: 10%
Magic:  9/11       EV: 15    Int: 14    God:    Okawaru [**....]
Gold:   250        SH:  0    Dex: 15    Spells: 0 memorised, 11 levels left

rFire  . . .     SeeInvis .       - Unarmed
rCold  . . .     Clarity  .     q - +0 ring mail
rNeg   . . .     SustAt   .     (no shield)
rPois  .         Gourm    .     (helmet restricted)
rElec  .         Spirit   .     (no cloak)
rCorr  .         Warding  .     (no gloves)
rMut   .         Stasis   .     k - +1 pair of boots
MR     .....                    (no amulet)
Stlth  +++.......               (no ring)
                                h - +3 ring of protection

@: heroism, not resistant to hostile enchantments, fairly stealthy
A: antennae 1, slimy green scales 2, foul stench 1, spiny 1, rot immunity
a: Heroism, Renounce Religion


You were on level 5 of the Dungeon.
You worshipped Okawaru.
Okawaru was pleased with you.
You were not hungry.

You visited 2 branches of the dungeon, and saw 6 of its levels.

You collected 250 gold pieces.

Inventory:

Missiles
 t - 6 javelins (quivered)
Armour
 k - a +1 pair of boots (worn)
 q - a +0 ring mail (worn)
Jewellery
 h - a +3 ring of protection (left hand)
Wands
 w - a wand of confusion (23)
Scrolls
 c - 3 scrolls of identify
 g - a scroll of recharging
 o - a scroll of blinking
 p - a scroll of teleportation
 r - 3 scrolls of remove curse
Potions
 a - a potion of haste {unknown}
 d - 2 potions of resistance
 e - 2 potions of curing
 l - 3 potions of poison {unknown}
 v - 4 potions of heal wounds {unknown}
Comestibles
 b - 2 bread rations
 j - 2 meat rations
 n - 2 fruits
 s - a beef jerky
 u - 7 chunks of flesh


   Skills:
 - Level 4.0(9.0) Fighting
 - Level 3.1(8.1) Armour
 - Level 3.0(8.0) Dodging
 - Level 1.7(6.7) Stealth
 * Level 7.6(12.6) Unarmed Combat
 - Level 2.0 Spellcasting
 - Level 3.6 Invocations


You had 11 spell levels left.
You didn't know any spells.

Dungeon Overview and Level Annotations

Branches:
Dungeon (5/15)             Temple (1/1) D:4

Altars:
Gozag
Okawaru

Annotations:
D:5 colpogo's ghost, novice MfIE


Innate Abilities, Weirdness & Mutations

You have a pair of small antennae on your head.
You are mostly covered in slimy green scales (AC +3).
You may emit foul miasma when damaged in melee.
You are partially covered in sharp spines.
You are immune to rotting.


Message History

Colpogo's ghost is moderately damaged.
Colpogo's ghost misses you.
You gain the combat prowess of a mighty hero.
You feel slightly more hungry.
Colpogo's ghost is struck by your spines.
Colpogo's ghost hits you but does no damage.
You closely miss colpogo's ghost.
Colpogo's ghost is heavily damaged.
Colpogo's ghost hits you but does no damage.
You hit colpogo's ghost but do no damage.
Colpogo's ghost is heavily damaged.
Colpogo's ghost casts a spell at you.
You are frozen.
You miss colpogo's ghost. Your punch misses colpogo's ghost.
Colpogo's ghost is heavily damaged.
You punch colpogo's ghost!
Colpogo's ghost is heavily damaged.
Colpogo's ghost casts a spell at you.
You are frozen.
You die...

.............####
...............>#
.####.#......####
.#
#.#......#########
.#
#.#..............#
..
#.#..............#
#..............# .
#..............# .
#.........@....# .
#..........W...#
#............[.#
###.##.........#
#. #.........# #
#.........#
###########


You could see colpogo's ghost.

Vanquished Creatures
  2 ogres (D:4)
  An ice beast (D:5)
  A centaur (D:4)
  A necrophage (D:5)
  The ghost of colpogo the Chiller, an amateur MfIE (D:4)
  A scorpion (D:4)
  A crimson imp (D:5)
  An orc priest (D:3)
  2 orc wizards (D:3)
  An iguana (D:4)
  2 worker ants (D:4)
  A hound skeleton (D:4)
  15 gnolls
  6 adders
  An ooze (D:4)
  An adder zombie (D:5)
  6 worms (D:3)
  3 giant geckos
  14 orcs (D:3)
  2 ball pythons
  2 giant cockroaches
  11 goblins
  7 hobgoblins
  16 jackals
  2 quokkas
  6 bats
  3 giant newts
  12 kobolds
  11 rats
133 creatures vanquished.

Notes
Turn   | Place    | Note
--------------------------------------------------------------
     0 | D:1      | sveltemanboy the Demonspawn Monk began the quest for the Orb.
     0 | D:1      | Reached XP level 1. HP: 18/18 MP: 1/1
   287 | D:1      | Gained mutation: You are partially covered in sharp spines. [demonic ancestry]
   287 | D:1      | Reached XP level 2. HP: 24/24 MP: 2/2
   468 | D:1      | Reached skill level 1 in Armour
   821 | D:1      | Gained mutation: You are partially covered in slimy green scales (AC +2). [demonic ancestry]
   821 | D:1      | Reached XP level 3. HP: 29/29 MP: 3/3
  1234 | D:2      | Reached skill level 1 in Spellcasting
  1234 | D:2      | Gained mutation: You are immune to rotting. [demonic ancestry]
  1234 | D:2      | Reached XP level 4. HP: 35/35 MP: 5/5
  1427 | D:2      | Reached skill level 4 in Unarmed Combat
  2162 | D:3      | Reached XP level 5. HP: 41/41 MP: 7/7
  2573 | D:3      | Gained mutation: You have a pair of small antennae on your head. [demonic ancestry]
  2573 | D:3      | Reached XP level 6. HP: 46/48 MP: 9/9
  2750 | D:3      | Reached skill level 5 in Unarmed Combat
  3416 | D:4      | Gained mutation: You may emit foul miasma when damaged in melee. [demonic ancestry]
  3416 | D:4      | Reached XP level 7. HP: 54/54 MP: 10/10
  3431 | D:4      | Found an iron altar of Okawaru.
  3440 | D:4      | Became a worshipper of Warmaster Okawaru
  3440 | D:4      | Reached * piety under Okawaru
  3440 | D:4      | Reached ** piety under Okawaru
  3507 | D:4      | Found a staircase to the Ecumenical Temple.
  3514 | D:4      | Reached skill level 6 in Unarmed Combat
  3514 | D:4      | Reached skill level 1 in Invocations
  3524 | D:4      | HP: 1/54 [gnoll/halberd (8)]
  3534 | Temple   | Entered the Ecumenical Temple
  4070 | D:4      | Noticed colpogo's ghost (amateur MfIE)
  4073 | D:4      | Found an opulent altar of Gozag.
  4084 | D:4      | Killed colpogo's ghost
  4287 | D:5      | Entered Level 5 of the Dungeon
  4319 | D:5      | Reached skill level 7 in Unarmed Combat
  4340 | D:5      | Gained mutation: You are mostly covered in slimy green scales (AC +3). [demonic ancestry]
  4340 | D:5      | Reached XP level 8. HP: 60/60 MP: 11/11
  4457 | D:5      | Reached *** piety under Okawaru
  4539 | D:5      | Noticed colpogo's ghost (novice MfIE)
  4558 | D:5      | Killed from afar by colpogo's ghost

Action                   |  1- 3 |  4- 6 |  7- 9 || total
-------------------------+-------+-------+-------++-------
Melee: Unarmed           |    82 |   186 |    89 ||   357
Throw: Javelin           |       |       |    17 ||    17
Invok: Heroism           |       |       |     1 ||     1
  Use: Scroll            |       |     5 |     5 ||    10
       Potion            |       |       |     1 ||     1
 Stab: Sleeping          |    10 |     2 |       ||    12
       Distracted        |     1 |       |       ||     1
  Eat: Chunk             |     1 |     7 |     4 ||    12
